 Dungeon Crawl Stone Soup version 0.19-a0-47-g1fa3c7d (webtiles) character file.

30 Eucla the Ruffian (level 3, 0/34 HPs)
             Began as a Naga Monk on May 5, 2016.
             Killed from afar by Sigmund (8 damage)
             ... with a magic dart
             ... on level 2 of the Dungeon.
             The game lasted 00:03:07 (1493 turns).

Eucla the Ruffian (Naga Monk)                       Turns: 1493, Time: 00:03:08

Health: 0/34       AC:  3    Str: 14    XL:     3   Next: 20%
Magic:  3/3        EV:  9    Int: 10    God:
Gold:   39         SH:  0    Dex: 13    Spells: 0 memorised, 2 levels left

rFire  . . .     SeeInvis +     l - +1 hand axe (elec)
rCold  . . .     Gourm    .     h - +0 ring mail
rNeg   . . .     Faith    .     (no shield)
rPois  +         Spirit   .     (no helmet)
rElec  .         Dismiss  .     (no cloak)
rCorr  .         Reflect  .     (no gloves)
SustAt .         Harm     .     (no barding)
MR     .....                    (no amulet)
Stlth  ..........               (no ring)
                                (no ring)

@: confused, flying, very slow, not resistant to hostile enchantments, extremely
unstealthy
A: see invisible, deformed body, poison resistance, slowness 2, slow metabolism
1, spit poison 2, AC +1
a: Spit Poison


You were on level 2 of the Dungeon.
You were hungry.

You visited 1 branch of the dungeon, and saw 2 of its levels.

You collected 39 gold pieces.

Inventory:

Hand Weapons
 l - a +1 hand axe of electrocution (weapon)
Armour
 a - a +0 robe
 h - a +0 ring mail (worn)
Scrolls
 c - a scroll of fear {unknown}
 d - a scroll of random uselessness {unknown}
 e - a scroll of immolation {unknown}
 f - a scroll of enchant armour {unknown}
 g - a scroll of teleportation {unknown}
 i - a scroll of enchant weapon {unknown}
 j - 2 scrolls of remove curse {unknown}
Comestibles
 b - a bread ration


   Skills:
 - Level 3.0 Fighting
 - Level 2.4 Dodging
 - Level 3.0 Stealth
 + Level 5.0 Unarmed Combat


You had 2 spell levels left.
You didn't know any spells.

Dungeon Overview and Level Annotations

Branches:
Dungeon (2/15)

Altars:

Annotations:
D:2 Sigmund


Innate Abilities, Weirdness & Mutations

You cannot wear boots.
Your serpentine skin is tough (AC +1).
You have supernaturally acute eyesight.
Armour fits poorly on your strangely shaped body.
Your system is resistant to poisons.
You cover ground very slowly.
You have a slow metabolism.
You can spit poison.


Message History

Sigmund casts a spell at you. The puff of flame hits you!
Sigmund hits you with a scythe of protection!
* * * LOW HITPOINT WARNING * * *
Found 13 poisoned needles.
Sigmund closely misses you.
Unknown command.
Sigmund hits you but does no damage.
You're too confused to move!
Unknown command.
Drink which item? (? for menu, Esc to quit)
It was a potion of flight.
You feel very buoyant.
You fly up into the air.
Sigmund barely misses you.
You're too confused to move!
Sigmund zaps a wand.
You resist with some effort.
It is a wand of slowing.
Unknown command.
Sigmund gestures at you while chanting. The magic dart hits you!
You die...

####### #..#..#
#<....####+####.##
...###......@.....(..
.........###....###^#
............@...#
.......#..###...#
.......##.# #...#
....... #.# #...#
....[.. #.. #...#
....... .........
.... ..........


You could see Sigmund.

Vanquished Creatures
  A giant gecko (D:1)
  2 giant cockroaches (D:1)
  3 goblins (D:1)
  3 hobgoblins (D:1)
  6 jackals (D:1)
  5 kobolds (D:1)
  A bat (D:1)
  2 giant newts (D:1)
  5 rats (D:1)
28 creatures vanquished.

Notes
Turn   | Place    | Note
--------------------------------------------------------------
     0 | D:1      | Eucla the Naga Monk began the quest for the Orb.
     0 | D:1      | Reached XP level 1. HP: 21/21 MP: 1/1
   408 | D:1      | Reached XP level 2. HP: 9/28 MP: 2/2
   838 | D:1      | Reached XP level 3. HP: 4/34 MP: 3/3
  1287 | D:1      | Reached skill level 5 in Unarmed Combat
  1482 | D:2      | Noticed Sigmund
  1493 | D:2      | Killed from afar by Sigmund

Vault maps used:
D:1:      wheals_arrival_linesprint
D:2:      uniq_sigmund

Skill      XL: |  1  2  3 |
---------------+----------+-----
Unarmed Combat | 5 |  5.0
Fighting       | |  3.0
Dodging        | |  2.4
Stealth        | |  3.0

Action                   || total
-------------------------++-------
Melee: Unarmed           ||    90
       Punch             ||     2
       Hand axe          ||     3
 Abil: Spit Poison       ||     5
  Use: Potion            ||     4
 Stab: Sleeping          ||     1
  Eat: Chunk             ||     1
Armor: Robe              ||     3
       Skin              ||    20
       Ring mail         ||    15
Dodge: Dodged            ||    44
